 Dungeon Crawl Stone Soup version 0.29.1-12-g30fa7ad0bf (webtiles) character file.

Game seed: 11492958200191289579

8943 wingedge the Thaumaturge (level 10, -2/83 HPs)
             Began as a Demigod Earth Elementalist on Jan 5, 2023.
             Slain by an orc warrior
             ... wielding a +0 scimitar
              (18 damage)
             ... on level 9 of the Dungeon on Jan 7, 2023.
             The game lasted 00:35:10 (13232 turns).

wingedge the Thaumaturge (DgEE)                    Turns: 13232, Time: 00:35:12

Health: -2/83      AC:  6    Str:  9    XL:     10   Next: 95%
Magic:  17/26      EV: 10    Int: 31    God:
Gold:   453        SH:  9    Dex: 18    Spells: 16/25 levels left

rFire   . . .      SeeInvis .   a - +7 Singing Sword {vorpal, sonic wave}
rCold   . . .      Faith    .   l - +0 kite shield
rNeg    . . .      Spirit   .   G - +0 ring mail
rPois   .          Reflect  .   (no helmet)
rElec   .          Harm     .   (no cloak)
rCorr   .          Rampage  .   n - +0 pair of gloves
Will    +....                   (no boots)
Stlth   ++........              (no amulet)
HPRegen 0.23/turn               I - ring of wizardry
MPRegen 0.20/turn               M - +6 ring of intelligence

@: no status effects
A: high MP 1, forlorn, divine attributes
a: no special abilities


You were on level 9 of the Dungeon.
You visited 1 branch of the dungeon, and saw 9 of its levels.
You also visited: Sewer.

You collected 453 gold pieces.

Inventory:

Hand Weapons
 a - the +7 Singing Sword (weapon) {vorpal, sonic wave}
   (You found it on level 6 of the Dungeon)

   It inflicts extra damage upon your enemies.
   It radiates damaging sonic waves as it strikes, especially in combat
   involving dangerous or numerous foes.
 b - a +2 sling of freezing
 o - a +2 antimagic mace
 F - a +0 vampiric short sword
 N - a +3 long sword of freezing
Missiles
 E - 9 poisoned darts
 R - a curare-tipped dart
Armour
 d - a +0 robe
 k - a +0 leather armour
 l - a +0 kite shield (worn)
 n - a +0 pair of gloves (worn)
 C - a +0 buckler
 G - a +0 ring mail (worn)
Magical Staves
 Q - a staff of poison
 S - a staff of earth
 T - a staff of cold
Jewellery
 m - a ring of resist corrosion
 I - a ring of wizardry (left hand)
 M - a +6 ring of intelligence (right hand)
 V - a +6 ring of intelligence
Wands
 J - a wand of roots (18)
 O - a wand of flame (30)
 P - a wand of charming (10) (quivered)
 X - a wand of acid (3)
Scrolls
 c - 2 scrolls of magic mapping {unknown}
 f - a scroll of identify
 g - a scroll of noise {unknown}
 i - 2 scrolls of enchant weapon {unknown}
 j - 6 scrolls of teleportation
 p - 5 scrolls of immolation
 q - 3 scrolls of torment {unknown}
 t - a scroll of acquirement {unknown}
 w - 2 scrolls of blinking {unknown}
 x - 2 scrolls of fear {unknown}
 y - a scroll of butterflies {unknown}
 H - 2 scrolls of vulnerability {unknown}
 K - a scroll of amnesia {unknown}
 U - 3 scrolls of enchant armour {unknown}
Potions
 e - 2 potions of heal wounds {unknown}
 h - a potion of brilliance
 r - 4 potions of resistance
 s - 4 potions of curing
 u - 4 potions of might
 v - 2 potions of lignification {unknown}
 z - 4 potions of magic
 A - 5 potions of haste
 B - 4 potions of flight
 D - a potion of attraction {unknown}
 L - 2 potions of cancellation {unknown}
 W - a potion of mutation {unknown}


   Skills:
 - Level 6.0 Fighting
 + Level 7.2 Long Blades
 - Level 4.0 Dodging
 - Level 2.0 Stealth
 + Level 2.6 Shields
 - Level 8.0 Spellcasting
 - Level 6.0 Conjurations
 + Level 1.9 Translocations
 - Level 0.8 Transmutations
 - Level 6.0 Earth Magic
 - Level 0.8 Poison Magic


You had 16 spell levels left.
You knew the following spells:

 Your Spells              Type           Power      Damage    Failure   Level
a - Sandblast             Erth           98%        2d20      1%          1
b - Stone Arrow           Conj/Erth      98%        3d13      4%          3
c - Blink                 Tloc           48%        N/A       11%         2
d - Lesser Beckoning      Tloc           24%        N/A       21%         3

Your spell library contained the following spells:

 Spells                   Type           Power      Damage    Failure   Level
 Passwall                 Tmut/Erth      27%        N/A       6%          2
 Sting                    Tmut/Pois      68%        1d6       11%         1
 Slow                     Hex            48%        N/A       16%         1
 Summon Small Mammal      Summ           48%        N/A       16%         1
 Poisonous Vapours        Pois/Air       30%        N/A       19%         2
 Ensorcelled Hibernation  Hex/Ice        24%        N/A       22%         2
 Petrify                  Tmut/Erth      33%        N/A       32%         4
 Call Canine Familiar     Summ           12%        N/A       38%         3
 Confusing Touch          Hex            12%        N/A       38%         3
 Summon Guardian Golem    Hex/Summ       12%        N/A       38%         3
 Swiftness                Air            12%        N/A       38%         3
 Vampiric Draining        Necr           12%        2d6       38%         3
 Olgreb's Toxic Radiance  Pois           17%        N/A       67%         4
 Manifold Assault         Tloc           24%        N/A       86%         5
 Conjure Ball Lightning   Conj/Air       15%        3x3d6     99%         6
 Dispersal                Tloc           12%        N/A       100%        6
 Discord                  Hex            6%         N/A       100%        8
 Disjunction              Tloc           12%        N/A       100%        8


Dungeon Overview and Level Annotations

Branches:
Dungeon (9/15)             Temple (0/1) D:5           Sewer (visited)
   Lair: D:8-11         Orc: D:9-12

Shops:
D:9 (

Annotations:
D:7 2 transporters, hawla's ghost, novice MeFE
D:8 1 runed translucent door


Innate Abilities, Weirdness & Mutations

You have an increased reservoir of magic. (+10% MP)
You shall have no god before yourself.
Your divine heritage dramatically boosts your attributes as you level up.


Message History

The orc hits you with a +1 short sword of venom.
You are poisoned.
The orc warrior hits you with a +0 scimitar!!
The orc warrior hits you with a +0 scimitar!
You block the orc's attack.
Press: ? - help, v - describe, . - travel
Here: an orc warrior, wielding a +0 scimitar and wearing a +0 plate armour The floor, spattered with blood.
Casting: Stone Arrow (mildly dangerous; 4% risk of failure)
Confirm with . or Enter, or press ? or * to list all spells.
Aiming: Stone Arrow (mildly dangerous; 4% risk of failure)
Press: ? - help, Shift-Dir - straight line, f - orc
Aim: an orc, wielding a +1 short sword of venom and wearing a +0 scale mail (79% to hit)
The stone arrow hits the orc.
The orc is severely wounded.
You feel sick.
The orc hits you with a +1 short sword of venom.
You are more poisoned.
The orc warrior closely misses you.
Casting: Stone Arrow (mildly dangerous; 4% risk of failure)
Confirm with . or Enter, or press ? or * to list all spells.
Aiming: Stone Arrow (mildly dangerous; 4% risk of failure)
Press: ? - help, Shift-Dir - straight line, f/p - orc
Aim: an orc, wielding a +1 short sword of venom and wearing a +0 scale mail (severely wounded, 79% to hit)
The stone arrow hits the orc.
You kill the orc!
You feel very sick.
The orc warrior hits you with a +0 scimitar!
* * * LOW HITPOINT WARNING * * *
Unknown command.
You feel better. The orc warrior misses you.
Casting: Stone Arrow (mildly dangerous; 4% risk of failure)
Confirm with . or Enter, or press ? or * to list all spells.
Aiming: Stone Arrow (mildly dangerous; 4% risk of failure)
Press: ? - help, Shift-Dir - straight line, f - orc warrior
Aim: an orc warrior, wielding a +0 scimitar and wearing a +0 plate armour (76% to hit)
The stone arrow hits the orc warrior!!
The orc warrior is severely wounded.
The orc warrior hits you with a +0 scimitar!!
You die...

##....#.#.....#.#
#....#.##...##.#
#....#....#..#.#
.... #....#....#
#....#..###
#....#..#
#<...#..#
..######..#
......)@..#
#####.)o..#
#######


You could see an orc warrior.

Vanquished Creatures
  3 two-headed ogres
  A cyclops (D:8)
  A gargoyle (D:8)
  A slime creature (D:7)
  Sigmund (D:2)
  2 yaks (D:8)
  A wyvern (D:6)
  3 steam dragons
  6 water moccasins
  A sky beast (D:8)
  2 black bears
  5 orc warriors
  An ice beast (D:5)
  5 centaurs
  2 ogres (D:6)
  3 kobold brigands
  3 necrophages
  10 bullfrogs
  A gnoll sergeant (D:8)
  5 scorpions
  7 wights
  10 killer bees
  5 howler monkeys
  2 jellies
  A gnoll bouda (D:8)
  6 hounds
  An orc priest (D:8)
  An iron imp (D:8)
  6 orc wizards
  10 gnolls
  12 adders
  3 river rats
  3 shadow imps
  5 white imps
  3 ufetubi
  7 worms
  A dart slug (D:4)
  32 orcs
  8 endoplasms
  6 giant cockroaches
  6 goblins
  9 hobgoblins
  12 jackals
  3 quokkas
  9 ball pythons
  12 bats
  A goblin skeleton (D:8)
  18 kobolds
  A kobold skeleton (D:8)
  A kobold zombie (D:8)
  An orc zombie (D:8)
  6 rats
265 creatures vanquished.

Vanquished Creatures (others)
  4 fungi (D:6)
  2 plants (D:6)
6 creatures vanquished.

Grand Total: 271 creatures vanquished

Notes
Turn   | Place    | Note
-------+----------+-------------------------------------------
     0 | D:1      | wingedge the Demigod Earth Elementalist began the quest for
                  | the Orb.
     0 | D:1      | Reached XP level 1. HP: 14/14 MP: 5/5
   388 | D:1      | Reached XP level 2. HP: 10/22 MP: 2/7
   649 | D:1      | Reached skill level 2 in Spellcasting
  1019 | D:1      | Reached skill level 1 in Fighting
  1086 | D:2      | Reached skill level 1 in Conjurations
  1188 | D:2      | Reached XP level 3. HP: 28/28 MP: 8/8
  1392 | D:2      | Learned a level 3 spell: Stone Arrow
  1711 | D:2      | Noticed Sigmund
  1715 | D:2      | Killed Sigmund
  1716 | D:2      | Reached skill level 1 in Shields
  1716 | D:2      | Reached XP level 4. HP: 33/37 MP: 4/11
  1716 | D:2      | Reached XP level 5. HP: 38/42 MP: 4/12
  2388 | D:3      | Reached skill level 3 in Spellcasting
  3194 | D:4      | Reached XP level 6. HP: 50/50 MP: 11/13
  3721 | D:4      | Noticed a water moccasin
  3724 | D:4      | Killed a water moccasin
  4329 | D:5      | Entered Level 5 of the Dungeon
  4335 | D:5      | Reached XP level 7. HP: 46/57 MP: 2/16
  4445 | D:4      | Reached skill level 4 in Spellcasting
  4691 | D:5      | Found a staircase to the Ecumenical Temple.
  4748 | D:5      | Found a glowing drain.
  4766 | Sewer    | Entered a sewer
  4777 | Sewer    | Reached skill level 5 in Spellcasting
  6054 | D:5      | Noticed an angel
  6508 | D:6      | Reached XP level 8. HP: 63/63 MP: 13/20
  6764 | D:6      | Reached skill level 6 in Spellcasting
  7136 | D:6      | Reached skill level 5 in Earth Magic
  7768 | D:6      | Found the +7 Singing Sword {vorpal, sonic wave}
  8121 | D:7      | Found a transporter.
  8132 | D:7      | Reached skill level 1 in Long Blades
  8132 | D:7      | Reached XP level 9. HP: 55/69 MP: 16/23
  8202 | D:7      | Noticed hawla's ghost (novice MeFE)
  8322 | D:7      | Reached skill level 5 in Conjurations
  8704 | D:7      | Found a transporter.
  8943 | D:7      | Reached skill level 7 in Spellcasting
  9770 | D:8      | Noticed a two-headed ogre
  9779 | D:8      | Killed a two-headed ogre
  9780 | D:8      | Reached XP level 10. HP: 6/77 MP: 7/26
 10050 | D:8      | Reached skill level 8 in Spellcasting
 10367 | D:8      | Found a runed translucent door.
 10726 | D:8      | Found a runed translucent door.
 10754 | D:8      | Reached skill level 5 in Long Blades
 11306 | D:8      | Noticed a two-headed ogre
 12119 | D:8      | Noticed a cyclops
 12134 | D:8      | Killed a cyclops
 12185 | D:8      | Killed a two-headed ogre
 12191 | D:8      | Reached skill level 5 in Fighting
 12551 | D:8      | Learned a level 2 spell: Blink
 12555 | D:8      | Learned a level 3 spell: Lesser Beckoning
 12708 | D:9      | Noticed a two-headed ogre
 12714 | D:9      | Killed a two-headed ogre
 12715 | D:9      | Reached skill level 1 in Translocations
 13206 | D:9      | Found Qepoo's Weapon Shoppe.
 13232 | D:9      | Slain by an orc warrior

Illustrated notes

Levels and vault maps discovered:
D:1:      matt_arrival_diagonals, layout_basic,
          hellmonk_ecumenical_altar_arch_garden, st_stairs_4,
          serial_park_tiny_pond, serial_bayou_lake_a
D:2:      layout_basic, uniq_sigmund
D:3:      layout_loops_ring, slow_altar_2, mainiacjoe_overflow_alcove_1,
          marbit_many_paths
D:4:      layout_rooms, kennysheep_mini, elyvilon_altar_1
D:5:      layout_rooms, grunt_temple_overflow_order_and_chaos_1,
          minmay_temple_entry_ruins, portal_sewer_entry_a,
          dreamdust_wishing_well
D:6:      old_forge, layout_basic
D:7:      kennysheep_windowed_halls, layout_loops_corners, nzn_ghost_randoct
D:8:      cheibrodos_histonic, layout_cave_pools, makhleb_grotto_becter,
          nicolae_tso_besieged_by_evil, serial_co_window_serial,
          co_window_paths_b, co_window_paths_b, co_window_paths_b,
          co_window_of_opportunity_a, co_window_corner_a, co_window_paths_b,
          co_window_broadway_c, co_window_corner_cb, co_window_cross_2,
          glass_columns_a, glass_columns_a, glass_columns_c, glass_columns_a,
          glass_columns_a, grunt_ministairs_4
D:9:      layout_irregular_city, serial_shops,
          nicolae_shop_bloodbath_and_beyond, uniq_grum

Skill      XL: |  1  2  3  4  5  6  7  8  9 10 |
---------------+-------------------------------+-----
Stealth        | 2 |  2.0
Dodging        | 2 3 4 |  4.0
Spellcasting   | 2 3 5 6 7 8 |  8.0
Fighting       | 1 2 3 6 |  6.0
Earth Magic    | 3 4 5 6 |  6.0
Conjurations   | 1 3 4 6 |  6.0
Shields        | 1 2 |  2.6
Long Blades    | 1 4 7 |  7.2
Translocations | 1 |  1.9
Transmutations | |  0.8
Poison Magic   | |  0.8

Action                   |  1- 3 |  4- 6 |  7- 9 | 10-12 || total
-------------------------+-------+-------+-------+-------++-------
Melee: Dagger            |     5 |       |       |       ||     5
       Short sword       |     1 |    32 |     8 |       ||    41
       Double sword      |       |       |    55 |    62 ||   117
 Fire: Sling             |    28 |    32 |    25 |       ||    85
 Cast: Sandblast         |    61 |    84 |    21 |       ||   166
       Stone Arrow       |       |     9 |   114 |    81 ||   204
  Use: Potion            |     3 |       |       |     2 ||     5
       Scroll            |       |       |     2 |     3 ||     5
 Stab: Sleeping          |       |       |     1 |       ||     1
Armor: Robe              |     5 |    12 |    19 |       ||    36
       Leather armour    |       |       |     7 |       ||     7
       Ring mail         |       |       |    12 |    21 ||    33
Dodge: Dodged            |    32 |    43 |    72 |    38 ||   185
Block: Kite shield       |       |    26 |    78 |    36 ||   140
